ITL
WABA DUCKS @ TRENTON STARS
07/10/2026
 
TOP OF THE 1ST
Waba Ducks batting - Pitching for Trenton Stars : RHP Ki-tong Shiu
Pitching: RHP Ki-tong Shiu
Batting: LHB Javier Orozco 0-0: Swinging Strike
0-1: Ball
1-1: Called Strike
1-2: Ball
2-2: Ball
3-2: SOLO HOME RUN (Flyball, 89XD), Distance : 404 ft
Batting: RHB Don Keating 0-0: Ball
1-0: Swinging Strike
1-1: Ball
2-1: Foul Ball, location: 2F
2-2: Strikes out swinging
Batting: LHB Joe Sanders 0-0: Called Strike
0-1: Ball
1-1: Ball
2-1: Foul Ball, location: 2F
2-2: Ball
3-2: Ground out 4-3 (Groundball, 34)
Batting: RHB Chris Osborn 0-0: Swinging Strike
0-1: Called Strike
0-2: Foul Ball, location: 2F
0-2: Ball
1-2: Ball
2-2: Ground out 6-3 (Groundball, 6M)
Top of the 1st over - 1 run(s), 1 hit(s), 0 error(s), 0 left on base; Waba 1 - Trenton 0
BOTTOM OF THE 1ST
Trenton Stars batting - Pitching for Waba Ducks : RHP Will Huggins
Pitching: RHP Will Huggins
Batting: SHB Nick Marshall 0-0: Ground out 2-3 (Groundball, 2L)
Batting: RHB Gabriel Villegas 0-0: Called Strike
0-1: Fly out, F9 (Flyball, 89XD)
Batting: LHB Bill Wilson 0-0: Swinging Strike
0-1: Ball
1-1: SINGLE (Line Drive, 8RS)
Batting: LHB Lee Burton 0-0: Called Strike
0-1: Ball
1-1: Ball
2-1: Ball
3-1: Base on Balls
Bill Wilson to second
Batting: RHB Rafael Canales 0-0: Called Strike
0-1: Ball
1-1: Fly out, F5 (Popup, 5S)
Bottom of the 1st over - 0 run(s), 1 hit(s), 0 error(s), 2 left on base; Waba 1 - Trenton 0
TOP OF THE 2ND
Waba Ducks batting - Pitching for Trenton Stars : RHP Ki-tong Shiu
Batting: LHB Joaquín González 0-0: Foul Ball, location: 2F
0-1: Ball
1-1: Ball
2-1: Ball
3-1: SINGLE (Line Drive, 78S)
Batting: RHB Tokuhei Kobayashi 0-0: Ball
1-0: Ball
2-0: Foul Ball, location: 2F
2-1: Ball
3-1: Called Strike
3-2: Base on Balls
Joaquín González to second
Batting: RHB Pedro Molina 0-0: Grounds into double play, 5-4-3 (Groundball, 56)
Joaquín González to third
Batting: RHB Ángelo García 0-0: Ball
1-0: Ball
2-0: Ball
3-0: Swinging Strike
3-1: Called Strike
3-2: Foul Ball, location: 2F
3-2: Strikes out swinging
Top of the 2nd over - 0 run(s), 1 hit(s), 0 error(s), 1 left on base; Waba 1 - Trenton 0
BOTTOM OF THE 2ND
Trenton Stars batting - Pitching for Waba Ducks : RHP Will Huggins
Batting: LHB Alberto Gómez 0-0: Called Strike
0-1: Ball
1-1: Ball
2-1: Ball
3-1: SOLO HOME RUN (Flyball, 89XD), Distance : 421 ft
Batting: LHB Ju-wei Shiu 0-0: SINGLE (Line Drive, 4MD)
Batting: RHB Jonas Uttley 0-0: Ball
1-0: Foul Ball, location: 2F
1-1: Ball
2-1: Called Strike
2-2: Ball
3-2: TRIPLE (Line Drive, 89M)
Ju-wei Shiu scores
Batting: RHB Chris Cole 0-0: Called Strike
0-1: Foul Ball, location: 2F
0-2: Ball
1-2: DOUBLE (Line Drive, 7LS)
Jonas Uttley scores
Batting: SHB Nick Marshall 0-0: Ball
1-0: Ground out 4-3 (Groundball, 4)
Chris Cole to third
Batting: RHB Gabriel Villegas 0-0: Called Strike
0-1: Ball
1-1: Ball
2-1: Called Strike
2-2: Fly out, F9 (Flyball, 89S)
Batting: LHB Bill Wilson 0-0: Ball
1-0: Ground out 4-3 (Groundball, 4M)
Bottom of the 2nd over - 3 run(s), 4 hit(s), 0 error(s), 1 left on base; Waba 1 - Trenton 3
TOP OF THE 3RD
Waba Ducks batting - Pitching for Trenton Stars : RHP Ki-tong Shiu
Batting: RHB António Valdéz 0-0: Ground out 6-3 (Groundball, 6)
Batting: LHB Javier Orozco 0-0: Swinging Strike
0-1: Ground out 1-3 (Groundball, 15)
Batting: RHB Don Keating 0-0: Foul Ball, location: 2F
0-1: Called Strike
0-2: Fly out, F9 (Popup, 4D)
Top of the 3rd over - 0 run(s), 0 hit(s), 0 error(s), 0 left on base; Waba 1 - Trenton 3
BOTTOM OF THE 3RD
Trenton Stars batting - Pitching for Waba Ducks : RHP Will Huggins
Batting: LHB Lee Burton 0-0: Ball
1-0: Foul Ball, location: 2F
1-1: Swinging Strike
1-2: Ball
2-2: Foul Ball, location: 2F
2-2: Foul Ball, location: 2F
2-2: Ball
3-2: Base on Balls
Batting: RHB Rafael Canales 0-0: Called Strike
0-1: Called Strike
0-2: Ball
1-2: Foul Ball, location: 2F
1-2: SINGLE (Groundball, 56)
Lee Burton to second
Batting: LHB Alberto Gómez 0-0: Foul Ball, location: 2F
0-1: SINGLE (Groundball, 34)
Lee Burton to third
Rafael Canales to second
Batting: LHB Ju-wei Shiu 0-0: Fly out, F6 (Popup, 6D)
Batting: RHB Jonas Uttley 0-0: Called Strike
0-1: Ground out 5-3 (Groundball, 56S)
Lee Burton scores
Rafael Canales to third
Alberto Gómez to second
Batting: RHB Chris Cole 0-0: Called Strike
0-1: Fly out, F9 (Flyball, 9S)
Bottom of the 3rd over - 1 run(s), 2 hit(s), 0 error(s), 2 left on base; Waba 1 - Trenton 4
TOP OF THE 4TH
Waba Ducks batting - Pitching for Trenton Stars : RHP Ki-tong Shiu
Batting: LHB Joe Sanders 0-0: Ball
1-0: Ball
2-0: Ball
3-0: Called Strike
3-1: Base on Balls
Pitching: LHP Michael Puckett
Batting: RHB Chris Osborn 0-0: Foul Ball, location: 2F
0-1: Swinging Strike
0-2: Ball
1-2: Foul Ball, location: 2F
1-2: Ball
2-2: Ball
3-2: Base on Balls
Joe Sanders to second
Batting: LHB Joaquín González 0-0: Ball
1-0: Called Strike
1-1: Ball
2-1: Ball
3-1: Fielders Choice at 2nd, 3-6 (Groundball, 3)
Joe Sanders to third
Batting: RHB Tokuhei Kobayashi 0-0: Called Strike
0-1: Ball
1-1: SINGLE (Groundball, 56D)
Joe Sanders scores
Joaquín González to second
Batting: RHB Pedro Molina 0-0: Called Strike
0-1: Ball
1-1: Ball
2-1: SINGLE (Line Drive, 7S)
Joaquín González to third
Tokuhei Kobayashi to second
Runner from 3rd tries for Home, SAFE, no throw or cutoff
Batting: RHB Ángelo García 0-0: Ball
Tokuhei Kobayashi steals 3rd base
Pedro Molina to second
1-0: Ball
2-0: Ball
3-0: Called Strike
3-1: Foul Ball, location: 2F
3-2: Foul Ball, location: 2F
3-2: Foul Ball, location: 2F
3-2: Foul Ball, location: 2F
3-2: Ground out 6-3 (Groundball, 6)
Tokuhei Kobayashi scores
Batting: RHB António Valdéz 0-0: Swinging Strike
0-1: Ball
1-1: Ball
2-1: Fly out, F4 (Popup, 34D)
Top of the 4th over - 3 run(s), 2 hit(s), 0 error(s), 1 left on base; Waba 4 - Trenton 4
BOTTOM OF THE 4TH
Trenton Stars batting - Pitching for Waba Ducks : RHP Will Huggins
Batting: SHB Nick Marshall 0-0: SINGLE (Line Drive, 56D)
Batting: RHB Gabriel Villegas 0-0: Ball
1-0: Foul Ball, location: 2F
1-1: Grounds into double play, 6-4-3 (Groundball, 6)
Batting: LHB Bill Wilson 0-0: Called Strike
0-1: SINGLE (Line Drive, 89S)
Batting: LHB Lee Burton 0-0: Called Strike
Bill Wilson steals 2nd base
0-1: Swinging Strike
0-2: Strikes out looking
Bottom of the 4th over - 0 run(s), 2 hit(s), 0 error(s), 1 left on base; Waba 4 - Trenton 4
TOP OF THE 5TH
Waba Ducks batting - Pitching for Trenton Stars : LHP Michael Puckett
Pitching: RHP Alfredo Ruíz
Batting: LHB Javier Orozco 0-0: Called Strike
0-1: Swinging Strike
0-2: DOUBLE (Line Drive, 3D)
Batting: RHB Don Keating 0-0: Called Strike
0-1: Foul Ball, location: 2F
0-2: Foul Ball, location: 2F
0-2: Foul Ball, location: 2F
0-2: Ball
Passed Ball!
Javier Orozco to third
1-2: Ball
2-2: Ball
3-2: Base on Balls
Batting: LHB Joe Sanders 0-0: Foul Ball, location: 2F
0-1: Ball
1-1: Ball
2-1: SINGLE (Groundball, 3D)
Javier Orozco scores
Don Keating to second
Runner from 2nd tries for 3rd, SAFE, no throw or cutoff
Batting: RHB Chris Osborn 0-0: Ball
1-0: Ball
2-0: Ball
3-0: Called Strike
3-1: SINGLE (Line Drive, 4D)
Don Keating scores
Joe Sanders to second
Batting: LHB Joaquín González 0-0: Ball
1-0: Foul Ball, location: 2F
1-1: Ball
2-1: Fly out, F8 (Flyball, 8LM)
Batting: RHB Tokuhei Kobayashi 0-0: Called Strike
0-1: Ball
1-1: Fly out, F9 (Flyball, 9M)
Batting: RHB Pedro Molina 0-0: Ball
1-0: Called Strike
1-1: SINGLE (Line Drive, 8LS)
Joe Sanders to third
Chris Osborn to second
Runner from 3rd tries for Home, SAFE, throw made home
Batting: RHB Ángelo García 0-0: Called Strike
0-1: Ball
1-1: Ball
2-1: Foul Ball, location: 2F
2-2: Strikes out swinging
Top of the 5th over - 3 run(s), 4 hit(s), 0 error(s), 2 left on base; Waba 7 - Trenton 4
BOTTOM OF THE 5TH
Trenton Stars batting - Pitching for Waba Ducks : RHP Will Huggins
Batting: RHB Rafael Canales 0-0: Called Strike
0-1: Foul Ball, location: 2F
0-2: Ball
1-2: Strikes out looking
Batting: LHB Alberto Gómez 0-0: Ground out 5-3 (Groundball, 56S)
Batting: LHB Ju-wei Shiu 0-0: SINGLE (Groundball, 56)
Batting: RHB Jonas Uttley 0-0: Fly out, F7 (Flyball, 7D)
Bottom of the 5th over - 0 run(s), 1 hit(s), 0 error(s), 1 left on base; Waba 7 - Trenton 4
TOP OF THE 6TH
Waba Ducks batting - Pitching for Trenton Stars : RHP Alfredo Ruíz
Batting: RHB António Valdéz 0-0: Swinging Strike
0-1: Ball
1-1: Foul Ball, location: 2F
1-2: Ball
2-2: SINGLE (Groundball, 56D)
Batting: LHB Javier Orozco 0-0: Ball
António Valdéz is caught stealing 2nd base
1-0: Called Strike
1-1: Ball
2-1: Ball
3-1: Base on Balls
Batting: RHB Don Keating 0-0: Ball
Javier Orozco is caught stealing 2nd base
1-0: Fly out, F4 (Popup, 34D)
Top of the 6th over - 0 run(s), 1 hit(s), 0 error(s), 0 left on base; Waba 7 - Trenton 4
BOTTOM OF THE 6TH
Trenton Stars batting - Pitching for Waba Ducks : RHP Will Huggins
Batting: RHB Chris Cole 0-0: Fly out, F7 (Flyball, 7D)
Batting: SHB Nick Marshall 0-0: Called Strike
0-1: Called Strike
0-2: Ball
1-2: Strikes out swinging
Batting: RHB Gabriel Villegas 0-0: Ball
1-0: Called Strike
1-1: SINGLE (Line Drive, 8LS)
Batting: LHB Bill Wilson 0-0: Foul Ball, location: 2F
0-1: Ball
1-1: SINGLE (Flyball, 7LS)
Gabriel Villegas to second
Batting: LHB Lee Burton 0-0: Ball
1-0: Fly out, F9 (Flyball, 89M)
Bottom of the 6th over - 0 run(s), 2 hit(s), 0 error(s), 2 left on base; Waba 7 - Trenton 4
TOP OF THE 7TH
Waba Ducks batting - Pitching for Trenton Stars : RHP Alfredo Ruíz
Batting: LHB Joe Sanders 0-0: Ball
1-0: Ball
2-0: Foul Ball, location: 2F
2-1: Foul Ball, location: 2F
2-2: Ground out 1-3 (Groundball, 23)
Batting: RHB Chris Osborn 0-0: Called Strike
0-1: Ball
1-1: Fly out, F3 (Line Drive, 3)
Batting: LHB Joaquín González 0-0: Called Strike
0-1: SINGLE (Flyball, 78S)
Batting: RHB Tokuhei Kobayashi 0-0: Ball
1-0: Called Strike
1-1: SINGLE (Flyball, 7S)
Joaquín González to second
Batting: RHB Pedro Molina 0-0: Ball
1-0: Ball
2-0: Ball
3-0: Base on Balls
Joaquín González to third
Tokuhei Kobayashi to second
Pitching: RHP Rob Bass
Pinch Hitting: LHB William Wolf 0-0: Ball
Wild Pitch!
Joaquín González scores
Tokuhei Kobayashi to third
Pedro Molina to second
1-0: Reached on error, E5 (Groundball, 5S)
Tokuhei Kobayashi scores
Pedro Molina scores
Batting: RHB António Valdéz 0-0: Ball
1-0: Ground out 5-3 (Groundball, 5S)
Top of the 7th over - 3 run(s), 2 hit(s), 1 error(s), 1 left on base; Waba 10 - Trenton 4
BOTTOM OF THE 7TH
Trenton Stars batting - Pitching for Waba Ducks : RHP Will Huggins
Now at 3B: Ed Hunter
Batting: RHB Rafael Canales 0-0: Ball
1-0: Foul Ball, location: 2F
1-1: Ground out 6-3 (Groundball, 6)
Batting: LHB Alberto Gómez 0-0: Ball
1-0: Foul Ball, location: 2F
1-1: Ground out 4-3 (Groundball, 4M)
Batting: LHB Ju-wei Shiu 0-0: Ball
1-0: Called Strike
1-1: Ball
2-1: Foul Ball, location: 2F
2-2: Ball
3-2: Fly out, F3 (Line Drive, 34)
Bottom of the 7th over - 0 run(s), 0 hit(s), 0 error(s), 0 left on base; Waba 10 - Trenton 4
TOP OF THE 8TH
Waba Ducks batting - Pitching for Trenton Stars : RHP Rob Bass
Batting: LHB Javier Orozco 0-0: Ball
1-0: Called Strike
1-1: Ball
2-1: Called Strike
2-2: Foul Ball, location: 2F
2-2: Ground out 1-3 (Groundball, 23)
Batting: RHB Don Keating 0-0: Foul Ball, location: 2F
0-1: Ball
1-1: Fly out, F9 (Flyball, 89XD)
Batting: LHB Joe Sanders 0-0: Called Strike
0-1: Ball
1-1: TRIPLE (Line Drive, 9LS)
Batting: RHB Chris Osborn 0-0: Foul Ball, location: 2F
0-1: Ball
1-1: Foul Ball, location: 2F
1-2: SINGLE (Flyball, 7S)
Joe Sanders scores
Batting: LHB Joaquín González 0-0: Called Strike
0-1: Called Strike
0-2: Ball
1-2: Reached on error, E1 (Groundball, 15)
Chris Osborn to second
Batting: RHB Tokuhei Kobayashi 0-0: Ground out 6-3 (Groundball, 6)
Top of the 8th over - 1 run(s), 2 hit(s), 1 error(s), 2 left on base; Waba 11 - Trenton 4
BOTTOM OF THE 8TH
Trenton Stars batting - Pitching for Waba Ducks : RHP Will Huggins
Pitching: LHP Felipe Rivera
Now at 2B: Ramón Torres
Pinch Hitting: RHB Joe Fisher 0-0: Ground out 6-3 (Groundball, 56)
Batting: RHB Chris Cole 0-0: Ball
1-0: Ball
2-0: Ball
3-0: Base on Balls
Batting: SHB Nick Marshall 0-0: Ball
1-0: Foul Ball, location: 2F
1-1: Swinging Strike
1-2: Strikes out swinging
Batting: RHB Gabriel Villegas 0-0: Ball
1-0: Ball
2-0: Ball
3-0: Called Strike
3-1: Base on Balls
Chris Cole to second
Batting: LHB Bill Wilson 0-0: Ball
1-0: Ball
2-0: Called Strike
2-1: Ball
3-1: Foul Ball, location: 2F
3-2: Foul Ball, location: 2F
3-2: Fly out, F9 (Flyball, 9D)
Bottom of the 8th over - 0 run(s), 0 hit(s), 0 error(s), 2 left on base; Waba 11 - Trenton 4
TOP OF THE 9TH
Waba Ducks batting - Pitching for Trenton Stars : RHP Rob Bass
Now in RF: Alonzo Medine
Batting: RHB Pedro Molina 0-0: Ball
1-0: Foul Ball, location: 2F
1-1: Ball
2-1: Ball
3-1: Called Strike
3-2: Foul Ball, location: 2F
3-2: Base on Balls
Batting: SHB Ed Hunter 0-0: Bunt missed!
0-1: Ball
1-1: Bunt missed!
1-2: Foul Ball, location: 2F
1-2: Ball
2-2: Ball
3-2: Base on Balls
Pedro Molina to second
Batting: RHB António Valdéz 0-0: Bunted foul
0-1: Bunted foul
0-2: Ball
Wild Pitch!
Pedro Molina to third
Ed Hunter to second
1-2: Ball
2-2: Foul Ball, location: 2F
2-2: Ball
3-2: Base on Balls
Batting: LHB Javier Orozco 0-0: Ball
1-0: Ball
2-0: Ball
3-0: Called Strike
3-1: Base on Balls
Pedro Molina scores
Ed Hunter to third
António Valdéz to second
Pitching: RHP Rafael Villa
Batting: RHB Don Keating 0-0: Ball
1-0: Ball
2-0: Ball
3-0: Called Strike
Balk!
Ed Hunter scores
António Valdéz to third
Javier Orozco to second
3-1: Ground out 1-3 (Groundball, 23)
Batting: RHB Ramón Torres 0-0: Foul Ball, location: 2F
0-1: SINGLE (Line Drive, 89S)
António Valdéz scores
Javier Orozco to third
Batting: RHB Chris Osborn 0-0: Swinging Strike
0-1: 3-RUN HOME RUN (Flyball, 89XD), Distance : 420 ft
Batting: LHB Joaquín González 0-0: Ball
1-0: Swinging Strike
1-1: Called Strike
1-2: Foul Ball, location: 2F
1-2: Foul Ball, location: 2F
1-2: Ball
2-2: Ball
3-2: Foul Ball, location: 2F
3-2: Base on Balls
Batting: RHB Tokuhei Kobayashi 0-0: Called Strike
0-1: Ball
1-1: Called Strike
1-2: SINGLE (Groundball, 6D)
Joaquín González to second
Batting: RHB Pedro Molina 0-0: Grounds into double play, U5-3 (Groundball, 5L)
Top of the 9th over - 6 run(s), 3 hit(s), 0 error(s), 1 left on base; Waba 17 - Trenton 4
BOTTOM OF THE 9TH
Trenton Stars batting - Pitching for Waba Ducks : LHP Felipe Rivera
Batting: LHB Lee Burton 0-0: Swinging Strike
0-1: Ball
1-1: Ball
2-1: Swinging Strike
2-2: Strikes out swinging
Pinch Hitting: RHB Kenji Murayama 0-0: Called Strike
0-1: Ball
1-1: Ground out 5-3 (Groundball, 56S)
Batting: LHB Alberto Gómez 0-0: Ball
1-0: Foul Ball, location: 2F
1-1: Ball
2-1: SINGLE (Groundball, 5L)
Batting: LHB Ju-wei Shiu 0-0: Ball
1-0: Ball
2-0: Called Strike
2-1: SINGLE (Line Drive, 3D)
Alberto Gómez to second
Runner from 2nd tries for 3rd, SAFE, throw made to third
Batting: LHB Alonzo Medine 0-0: Ball
1-0: SINGLE (Groundball, 34D)
Alberto Gómez scores
Ju-wei Shiu to second
Runner from 2nd tries for 3rd, SAFE, throw made to third
Batting: RHB Chris Cole 0-0: Called Strike
0-1: Foul Ball, location: 2F
0-2: Foul Ball, location: 2F
0-2: Ball
1-2: Ball
2-2: Fielders Choice at 2nd, U6 (Groundball, 6M)
Bottom of the 9th over - 1 run(s), 3 hit(s), 0 error(s), 2 left on base; Waba 17 - Trenton 5
Monday, December 5th, 2016 - OOTP Baseball 17.12 Build 75